 Dungeon Crawl Stone Soup version 0.29-a0-322-g68df515428 (webtiles) character file.

Game seed: 16792273717261408849

5 calli0pe the Skirmisher (level 1, -2/18 HPs)
             Began as a Human Berserker on Apr 8, 2022.
             Was a Follower of Trog.
             Slain by a quokka (5 damage)
             ... on level 2 of the Dungeon.
             The game lasted 00:01:19 (223 turns).

calli0pe the Skirmisher (Human Berserker)            Turns: 223, Time: 00:01:20

Health: -2/18      AC:  2    Str: 17    XL:     1   Next: 88%
Magic:  1/1        EV: 12    Int:  7    God:    Trog [*.....]
Gold:   47         SH:  0    Dex: 12    Spells: 0/0 levels left

rFire   . . .      SeeInvis +   a - +0 short sword
rCold   . . .      Faith    .   (no shield)
rNeg    . . .      Spirit   .   b - +0 animal skin
rPois   .          Reflect  .   (no helmet)
rElec   .          Harm     .   (no cloak)
rCorr   .          Rampage  .   (no gloves)
Will    .....                   (no boots)
Stlth   +.........              (no amulet)
HPRegen 0.06/turn               d - ring of see invisible
MPRegen 0.07/turn               (no ring)

@: no status effects
A: no striking features
a: Renounce Religion, Berserk


You were on level 2 of the Dungeon.
You worshipped Trog.
Trog was aware of your devotion.
You visited 1 branch of the dungeon, and saw 2 of its levels.

You collected 47 gold pieces.

Inventory:

Hand Weapons
 a - a +0 short sword (weapon)
Armour
 b - a +0 animal skin (worn)
Jewellery
 d - a ring of see invisible (left hand)
Scrolls
 c - a scroll of acquirement {unknown}
Potions
 e - a potion of might {unknown}
 f - a potion of mutation {unknown}


   Skills:
 + Level 3.2 Fighting
 + Level 3.0 Short Blades
 + Level 2.1 Armour
 + Level 2.0 Dodging


You couldn't memorise any spells.
You didn't know any spells.
Your spell library was empty.

Dungeon Overview and Level Annotations

Branches:
Dungeon (2/15)

Altars:


Message History

The hobgoblin completely misses you.
You hit the hobgoblin.
The hobgoblin is almost dead.
The quokka barely misses you.
The dart slug bites you but does no damage.
You barely miss the hobgoblin.
The hobgoblin is almost dead.
The rat bites you but does no damage. The hobgoblin closely misses you.
The quokka bites you but does no damage.
The dart slug barely misses you.
You hit the hobgoblin but do no damage.
The hobgoblin is almost dead.
The quokka closely misses you. The rat bites you.
The hobgoblin closely misses you.
You hit the hobgoblin but do no damage.
The hobgoblin is almost dead.
The quokka misses you. The rat closely misses you.
The hobgoblin closely misses you. The dart slug bites you.
The quokka bites you.
You closely miss the hobgoblin.
The hobgoblin is almost dead.
The rat bites you but does no damage. The hobgoblin barely misses you.
The quokka barely misses you. The dart slug misses you.
You hit the hobgoblin.
You kill the hobgoblin!
Trog accepts your kill. The rat misses you. The quokka closely misses you.
You completely miss the rat. The rat barely misses you.
The rat completely misses you. The dart slug closely misses you.
The quokka bites you.
You hit the rat.
You kill the rat!
Trog accepts your kill. The rat bites you.
* * * LOW HITPOINT WARNING * * *
The quokka closely misses you. The dart slug closely misses you.
You barely miss the kobold.
The quokka twitches its whiskers.
The quokka bites you.
You die...

######### .........
........# ........#
[.......# ........#
......rK###############
.....gr@'.............#
.(....w.#############.##
........# ######.##
######### #........
#.####.## ...... #.##.##
# #.# #.#


You could see a dart slug, a quokka, a goblin, a kobold and a rat.

Vanquished Creatures
  An endoplasm (D:1)
  A hobgoblin (D:2)
  A quokka (D:1)
  A kobold (D:1)
  A rat (D:2)
5 creatures vanquished.

Notes
Turn   | Place    | Note
-------+----------+-------------------------------------------
     0 | D:1      | calli0pe the Human Berserker began the quest for the Orb.
     0 | D:1      | Reached XP level 1. HP: 18/18 MP: 1/1
   223 | D:2      | Slain by a quokka

Illustrated notes

Levels and vault maps discovered:
D:1:      shiori_shiawase, layout_basic, ebering_ecumenical_altar_webs
D:2:      layout_basic

Action                   || total
-------------------------++-------
Melee: Short sword       ||    26
Armor: Animal skin       ||     5
Dodge: Dodged            ||    33

Table legend: (Time is in decaauts)
 A = Elapsed time spent in this place.
 B = Non-inter-level travel time spent in this place.
 C = Inter-level travel time spent in this place.
 D = Time resting spent in this place.
 E = Time spent auto-exploring this place.
 F = Levels seen in this place.
 G = Mean time per level.
                   A        B        C        D        E       F      G
               +--------+--------+--------+--------+--------+-----+--------+
         Total |    220 |    220 |      0 |      0 |      0 |   2 |  110.0 |
       Dungeon |    220 |    220 |      0 |      0 |      0 |   2 |  110.0 |
               +--------+--------+--------+--------+--------+-----+--------+

Top non-repeatable levels by time:
     D:2: 115 daAuts
     D:1: 105 daAuts
